Panthers vs Flames (R2)

Created - 26 avril 2016 at 20:15

Goals
1 2 3 T
Panthers 3 1 0 4
Flames 0 1 2 3
Shots
1 2 3 T
Panthers 16 10 10 36
Flames 9 10 4 23

1st period

1. Panthers , Scott Gomez 32 (Taylor Hall, Marian Hossa) at 8:51 (PP)
2. Panthers , Marian Hossa 46 (Scott Gomez) at 9:03 (PP)
3. Panthers , Peter Prucha 23 (Bryan McCabe, Steve Montador) at 15:14

Penalties :
Jordin Tootoo (Cal) for High sticking (Minor) at 1:01, Milan Hejduk (Cal) for Roughing (Minor) at 8:41, Filip Kuba (Cal) for Goalie Interference (Minor) at 8:56, Keith Aulie (Flo) for Interference (Minor) at 15:36

2nd period

4. Panthers , Scott Gomez 33 (Marian Hossa, Taylor Hall) at 0:15
5. Flames , Jordin Tootoo 22 (Patrik Berglund) at 4:46

Penalties :
Tomas Kaberle (Cal) for Fighting (Major) at 1:16, Keith Aulie (Flo) for Fighting (Major) at 1:16, Steve Regier (Cal) for Hooking (Minor) at 11:58, Keith Aulie (Flo) for Roughing (Minor) at 13:09, Marian Hossa (Flo) for Roughing (Double Minor) at 18:11

3rd period

6. Flames , Alexander Semin 40 (Eric Staal) at 4:21
7. Flames , Alexander Semin 41 (David Backes, Eric Staal) at 10:33 (PP)

Penalties :
Eric Staal (Cal) for Holding (Minor) at 7:33, Nate Guenin (Flo) for Cross-checking (Minor) at 10:21, Bryan McCabe (Flo) for Holding Stick (Minor) at 11:06, David Backes (Cal) for Roughing (Minor) at 13:09, Patrik Berglund (Cal) for Roughing (Minor) at 15:15

Goalie Stats

Jeff Deslauriers (Flo), 20 saves from 23 shots - (0,870), W, 9-5-4, 60:00 minutes
Craig Anderson (Cal), 19 saves from 19 shots - (1,000), 39:30 minutes
Pekka Rinne (Cal), 13 saves from 17 shots - (0,765), L, 31-24-4, 20:15 minutes

Players Stats for Panthers

Player Name              G  A  P  +/- PIM S  H  SB GA TA FO     MP     PP MP  PK MP  
------------------------------------------------------------------------------------
Alexander Perezhogin     0  0  0   0  0   2  0  1  0  0  1/1     9:21   0:22   0:00 
Bryan McCabe             0  1  1   1  2   3  1  1  1  2  0/0    26:04   5:34   2:55 
Daniel Paille            0  0  0   1  0   1  0  0  0  0  0/0    20:15   4:04   4:51 
Jeff Tambellini          0  0  0   0  0   3  3  0  0  0  0/1    11:35   0:24   1:54 
Jonathan Matsumoto       0  0  0  -1  0   1  1  0  0  0  1/5     5:44   0:00   0:00 
Keith Aulie              0  0  0   0  9   0  0  1  0  1  0/0    15:31   3:55   0:00 
Lubomir Visnovsky        0  0  0   0  0   3  1  1  2  2  0/0    24:19   4:16   5:51 
Marian Hossa             1  2  3   0  4   5  4  0  1  0  5/8    21:21   4:58   1:16 
Mats Sundin              0  0  0   1  0   0  4  0  0  0  4/10   18:25   4:04   3:04 
Mattias Weinhandl        0  0  0  -1  0   1  0  0  0  0  0/0     5:44   0:00   0:00 
Nate Guenin              0  0  0  -1  2   0  2  1  0  0  0/0    13:11   0:00   3:33 
Nick Schultz             0  0  0  -1  0   0  0  2  0  0  0/0    12:02   0:00   1:07 
Peter Prucha             1  0  1   1  0   7  2  0  0  0  1/1    15:13   4:04   0:00 
Rickard Wallin           0  0  0   0  0   2  1  0  1  0  1/5    10:19   0:17   0:08 
Ryan Bayda               0  0  0  -1  0   1  0  1  0  0  0/0     5:44   0:00   0:00 
Scott Gomez              2  1  3   0  0   5  3  1  0  0  13/35  23:21   5:03   4:42 
Steve Montador           0  1  1   1  0   0  4  2  0  1  0/0    29:04   5:02   5:14 
Taylor Hall              0  2  2   0  0   2  4  0  2  0  2/2    22:33   4:56   2:45 

Players Stats for Flames

Player Name              G  A  P  +/- PIM S  H  SB GA TA FO     MP     PP MP  PK MP  
------------------------------------------------------------------------------------
Alexander Semin          2  0  2   0  0   2  1  0  0  0  0/2    20:50   4:28   2:20 
Brad Marchand            0  0  0  -1  0   2  3  0  0  0  0/0     7:49   0:15   0:46 
Colin Wilson             0  0  0   0  0   0  0  1  0  0  4/5     9:30   0:00   0:19 
David Backes             0  1  1   0  2   5  4  0  1  1  5/11   23:27   5:39   4:31 
Eric Staal               0  2  2   0  2   1  0  1  0  0  24/34  21:23   4:20   2:48 
Erik Johnson             0  0  0   0  0   2  4  1  1  0  0/0    25:39   6:11   5:53 
Filip Kuba               0  0  0  -1  2   2  1  3  0  2  0/0    26:21   5:00   1:44 
Joe Corvo                0  0  0   1  0   1  1  0  0  0  0/0    15:58   3:09   1:18 
Jordin Tootoo            1  0  1   1  2   1  1  0  2  1  1/2    16:37   0:07   4:26 
Mark Bell                0  0  0   1  0   3  1  1  0  0  0/0    13:54   0:07   1:52 
Michel Ouellet           0  0  0  -1  0   0  0  0  1  0  0/0    10:02   3:34   0:00 
Mikhail Grabovski        0  0  0  -1  0   0  0  0  0  1  2/4     8:15   0:00   1:46 
Milan Hejduk             0  0  0   0  2   1  2  0  0  0  0/0     9:10   0:00   0:00 
Patrik Berglund          0  1  1   1  2   0  1  0  0  0  4/10   15:45   4:45   0:00 
Ron Hainsey              0  0  0   1  0   0  2  2  0  0  0/0    16:20   0:00   6:06 
Steve Eminger            0  0  0  -1  0   2  2  2  0  1  0/0    18:42   0:00   1:45 
Steve Regier             0  0  0   0  2   1  2  0  0  0  0/0    13:00   4:45   0:00 
Tomas Kaberle            0  0  0   0  5   0  1  0  1  1  0/0    16:58   4:20   2:02 

3 Stars

1 - Scott Gomez (Flo)
2 - Alexander Semin (Cal)
3 - Marian Hossa (Flo)

Power Play

Panthers - 2 on 7 Attempt(s) - 28,57%
Flames - 1 on 6 Attempt(s) - 16,67%

Penalty Kill

Panthers - 5 on 6 Attempt(s) - 83,33% - Score 0 goal in Penalty Kill
Flames - 5 on 7 Attempt(s) - 71,43% - Score 0 goal in Penalty Kill

Team Stat

Panthers - Hits : 30 - Faceoff Wins : 28 - Blocked Shots : 11 - Penalty Minutes : 17
Flames - Hits : 26 - Faceoff Wins : 40 - Blocked Shots : 11 - Penalty Minutes : 19

Official

Referees : Kimmerly Greg and Furlatt Eric
Linesman : Lonnie Cameron and Pierre Champoux

Game Notes

Craig Anderson enters game at 0:15 of 2nd period
Tomas Kaberle beats up Keith Aulie at 1:16 of 2nd period
Steve Eminger is injured at 7:20 of 3rd period (Separated Left Shoulder)

Finance

Level 1 -- Attendance: 5221 (87,02%) -- Ticket Income 464 669 $
Level 2 -- Attendance: 4128 (82,56%) -- Ticket Income 235 296 $
Level 3 -- Attendance: 1474 (73,70%) -- Ticket Income 48 642 $
Level 4 -- Attendance: 3185 (79,63%) -- Ticket Income 76 440 $
Luxury Box -- Attendance: 676 (67,60%) -- Ticket Income 129 116 $
Game was played at the Metal Center.
Total Attendance: 14684 (81,58%)
Total Ticket Income: 954 163 $
Other Income: 143 124 $
Total Income: 1 097 287 $

Panthers

5 vs 5 Forward 
   Center                   Left Wing                Right Wing               Time % Phy DF OF 
 1 Scott Gomez              Taylor Hall              Marian Hossa             40     0   2  3  
 2 Mats Sundin              Daniel Paille            Peter Prucha             30     0   2  3  
 3 Rickard Wallin           Jeff Tambellini          Alexander Perezhogin     20     1   2  2  
 4 Jonathan Matsumoto       Ryan Bayda               Mattias Weinhandl        10     1   2  2  

5 vs 5 Defense 
   Defense                  Defense                                           Time % Phy DF OF 
 1 Steve Montador           Bryan McCabe                                      40     0   2  3  
 2 Lubomir Visnovsky        Keith Aulie                                       30     0   2  3  
 3 Nate Guenin              Nick Schultz                                      20     1   2  2  
 4 Steve Montador           Bryan McCabe                                      10     1   2  2  

PowerPlay Forward 
   Center                   Left Wing                Right Wing               Time % Phy DF OF 
 1 Scott Gomez              Taylor Hall              Marian Hossa             60     0   1  4  
 2 Mats Sundin              Daniel Paille            Peter Prucha             40     0   1  4  

PowerPlay Defense
   Defense                  Defense                                           Time % Phy DF OF 
 1 Steve Montador           Bryan McCabe                                      60     0   2  3  
 2 Keith Aulie              Lubomir Visnovsky                                 40     0   2  3  

Penalty Kill 4 Players Forward 
   Center                   Wing                     Time % Phy DF OF 
 1 Scott Gomez              Daniel Paille            60     1   4  0  
 2 Mats Sundin              Marian Hossa             40     1   4  0  

Penalty Kill 4 Players Defense
   Defense                  Defense                  Time % Phy DF OF 
 1 Steve Montador           Lubomir Visnovsky        60     1   4  0  
 2 Bryan McCabe             Nate Guenin              40     1   4  0  

Penalty Kill - 3 Players Forward 
   Forward                                           Time % Phy DF OF 
 1 Scott Gomez                                       60     1   4  0  
 2 Daniel Paille                                     40     1   4  0  

Penalty Kill - 3 Players Defense
   Defense                  Defense                  Time % Phy DF OF 
 1 Steve Montador           Lubomir Visnovsky        60     1   4  0  
 2 Nate Guenin              Bryan McCabe             40     1   4  0  

4 vs 4 Forward 
   Center                   Wing                     Time % Phy DF OF 
 1 Scott Gomez              Marian Hossa             60     0   2  3  
 2 Mats Sundin              Peter Prucha             40     0   2  3  

4 vs 4 Defense
   Defense                  Defense                  Time % Phy DF OF 
 1 Steve Montador           Bryan McCabe             60     1   2  2  
 2 Keith Aulie              Lubomir Visnovsky        40     1   2  2  

Last Minutes Offensive
   Center                   Left Wing                Right Wing               Defense                  Defense                  
   Scott Gomez              Taylor Hall              Marian Hossa             Steve Montador           Bryan McCabe             

Last Minutes Defensive
   Center                   Left Wing                Right Wing               Defense                  Defense                  
   Scott Gomez              Taylor Hall              Marian Hossa             Steve Montador           Lubomir Visnovsky        

Goaltenders
Starting : Jeff Deslauriers         
Backup : Antti Niemi              

Extra Forwards
Normal : Scott Gomez, Marian Hossa, Taylor Hall - PP : Scott Gomez, Taylor Hall - PK : Taylor Hall
Extra Defensemen
Normal : Keith Aulie, Nick Schultz, Steve Montador - PP : Lubomir Visnovsky - PK : Nick Schultz, Lubomir Visnovsky
Penalty Shots
Taylor Hall, Peter Prucha, Scott Gomez, Marian Hossa, Daniel Paille

Flames

5 vs 5 Forward 
   Center                   Left Wing                Right Wing               Time % Phy DF OF 
 1 Eric Staal               Alexander Semin          David Backes             39     1   2  2  
 2 Patrik Berglund          Mark Bell                Jordin Tootoo            30     1   2  2  
 3 Colin Wilson             Steve Regier             Milan Hejduk             21     1   2  2  
 4 Mikhail Grabovski        Brad Marchand            Michel Ouellet           10     1   2  2  

5 vs 5 Defense 
   Defense                  Defense                                           Time % Phy DF OF 
 1 Filip Kuba               Steve Eminger                                     40     1   2  2  
 2 Tomas Kaberle            Erik Johnson                                      30     1   2  2  
 3 Ron Hainsey              Joe Corvo                                         20     1   2  2  
 4 Filip Kuba               Steve Eminger                                     10     1   2  2  

PowerPlay Forward 
   Center                   Left Wing                Right Wing               Time % Phy DF OF 
 1 Eric Staal               Alexander Semin          David Backes             60     1   2  2  
 2 Patrik Berglund          Steve Regier             Michel Ouellet           40     1   2  2  

PowerPlay Defense
   Defense                  Defense                                           Time % Phy DF OF 
 1 Filip Kuba               Erik Johnson                                      60     1   2  2  
 2 Tomas Kaberle            Joe Corvo                                         40     1   2  2  

Penalty Kill 4 Players Forward 
   Center                   Wing                     Time % Phy DF OF 
 1 David Backes             Jordin Tootoo            60     1   3  1  
 2 Eric Staal               Mark Bell                40     1   3  1  

Penalty Kill 4 Players Defense
   Defense                  Defense                  Time % Phy DF OF 
 1 Ron Hainsey              Steve Eminger            60     1   3  1  
 2 Tomas Kaberle            Erik Johnson             40     1   3  1  

Penalty Kill - 3 Players Forward 
   Forward                                           Time % Phy DF OF 
 1 Eric Staal                                        60     1   4  0  
 2 David Backes                                      40     1   4  0  

Penalty Kill - 3 Players Defense
   Defense                  Defense                  Time % Phy DF OF 
 1 Ron Hainsey              Steve Eminger            60     1   4  0  
 2 Tomas Kaberle            Erik Johnson             40     1   4  0  

4 vs 4 Forward 
   Center                   Wing                     Time % Phy DF OF 
 1 Eric Staal               Alexander Semin          60     1   2  2  
 2 Patrik Berglund          David Backes             40     1   2  2  

4 vs 4 Defense
   Defense                  Defense                  Time % Phy DF OF 
 1 Filip Kuba               Steve Eminger            60     1   2  2  
 2 Tomas Kaberle            Erik Johnson             40     1   2  2  

Last Minutes Offensive
   Center                   Left Wing                Right Wing               Defense                  Defense                  
   Eric Staal               Alexander Semin          David Backes             Filip Kuba               Steve Eminger            

Last Minutes Defensive
   Center                   Left Wing                Right Wing               Defense                  Defense                  
   Eric Staal               Alexander Semin          David Backes             Filip Kuba               Steve Eminger            

Goaltenders
Starting : Pekka Rinne              
Backup : Craig Anderson           

Extra Forwards
Normal : Alexander Semin, Jordin Tootoo, Mark Bell - PP : Michel Ouellet, Brad Marchand - PK : David Backes
Extra Defensemen
Normal : Erik Johnson, Joe Corvo, Tomas Kaberle - PP : Filip Kuba - PK : Erik Johnson, Ron Hainsey
Penalty Shots
Eric Staal, Alexander Semin, David Backes, Patrik Berglund, Mark Bell

% Time on Ice - Panthers

Lines # - Real PCT - Wanted PCT - Time Play
Normal Forward
1 - 35% - 40% - 13:38
2 - 29% - 30% - 11:31
3 - 21% - 20% - 8:21
4 - 15% - 10% - 5:44
Normal Defense
1 - 40% - 40% - 15:39
2 - 32% - 30% - 12:38
3 - 24% - 20% - 9:33
4 - 4% - 10% - 1:24
PP Forward
1 - 57% - 60% - 5:20
2 - 43% - 40% - 4:04
PP Defense
1 - 59% - 60% - 5:34
2 - 41% - 40% - 3:50
PK Forward
1 - 69% - 60% - 6:28
2 - 31% - 40% - 2:52
PK Defense
1 - 56% - 60% - 5:14
2 - 44% - 40% - 4:06
PK3 Forward
1 - 0% - 60%
2 - 0% - 40%
PK3 Defense
1 - 0% - 60%
2 - 0% - 40%
44 Forward
1 - 83% - 60% - 0:40
2 - 17% - 40% - 0:08
44 Defense
1 - 54% - 60% - 0:26
2 - 46% - 40% - 0:22
Last Minute Offensive  - 0:00
Last Minute Defensive  - 1:14
Total
Forward - 60:00
Defense - 60:00

% Time on Ice - Flames

Lines # - Real PCT - Wanted PCT - Time Play
Normal Forward
1 - 32% - 39% - 12:43
2 - 29% - 30% - 11:42
3 - 23% - 21% - 9:11
4 - 16% - 10% - 6:28
Normal Defense
1 - 45% - 40% - 17:56
2 - 30% - 30% - 12:10
3 - 21% - 20% - 8:19
4 - 4% - 10% - 1:39
PP Forward
1 - 49% - 60% - 4:35
2 - 51% - 40% - 4:45
PP Defense
1 - 54% - 60% - 5:00
2 - 46% - 40% - 4:20
PK Forward
1 - 80% - 60% - 7:32
2 - 20% - 40% - 1:52
PK Defense
1 - 79% - 60% - 7:24
2 - 21% - 40% - 2:00
PK3 Forward
1 - 0% - 60%
2 - 0% - 40%
PK3 Defense
1 - 0% - 60%
2 - 0% - 40%
44 Forward
1 - 73% - 60% - 0:35
2 - 27% - 40% - 0:13
44 Defense
1 - 65% - 60% - 0:31
2 - 35% - 40% - 0:17
Last Minute Offensive  - 0:24
Last Minute Defensive  - 0:00
Total
Forward - 60:00
Defense - 60:00

Play by Play

1st period


0:01 of 1st period - Eric Staal wins face-off versus Scott Gomez in neutral zone.
0:34 of 1st period - Snap shot by Marian Hossa.
0:34 of 1st period - Shot Misses the Net.
0:50 of 1st period - Snap shot by Peter Prucha.
0:50 of 1st period - Stopped by Pekka Rinne without a rebound.
0:51 of 1st period - Mats Sundin wins face-off versus Patrik Berglund in Flames zone.
0:52 of 1st period - Wrist shot by Peter Prucha.
0:52 of 1st period - Shot Blocked by Ron Hainsey.
1:01 of 1st period - Minor Penalty to Jordin Tootoo for High sticking.
1:02 of 1st period - David Backes wins face-off versus Scott Gomez in Flames zone.
3:01 of 1st period - Penalty to Jordin Tootoo is over, Jordin Tootoo is back on ice.
3:25 of 1st period - Wrist shot by Eric Staal.
3:25 of 1st period - Stopped by Jeff Deslauriers without a rebound.
3:26 of 1st period - Colin Wilson wins face-off versus Jonathan Matsumoto in Panthers zone.
4:51 of 1st period - Slapshot by Filip Kuba.
4:51 of 1st period - Shot Misses the Net.
5:36 of 1st period - Wrist shot by Taylor Hall.
5:36 of 1st period - Deflect By Marian Hossa.
5:36 of 1st period - Shot Misses the Net.
5:36 of 1st period - Puck is out of play.
5:37 of 1st period - Eric Staal wins face-off versus Mats Sundin in Flames zone.
6:08 of 1st period - Wrist shot by Steve Regier.
6:08 of 1st period - Stopped by Jeff Deslauriers without a rebound.
6:09 of 1st period - Eric Staal wins face-off versus Scott Gomez in Panthers zone.
6:24 of 1st period - Snap shot by Alexander Semin.
6:24 of 1st period - Shot Blocked by Nick Schultz.
7:35 of 1st period - Snap shot by Taylor Hall.
7:35 of 1st period - Stopped by Pekka Rinne without a rebound.
7:36 of 1st period - Mikhail Grabovski wins face-off versus Scott Gomez in Flames zone.
7:51 of 1st period - Snap shot by Brad Marchand.
7:51 of 1st period - Shot Misses the Net.
8:01 of 1st period - Peter Prucha is hit by David Backes and loses puck.
8:22 of 1st period - Backhand shot by Mattias Weinhandl.
8:22 of 1st period - Shot Misses the Net.
8:41 of 1st period - Minor Penalty to Milan Hejduk for Roughing.
8:42 of 1st period - Taylor Hall wins face-off versus David Backes in Flames zone.
8:47 of 1st period - Snap shot by Scott Gomez.
8:47 of 1st period - Stopped by Pekka Rinne with a rebound.
8:49 of 1st period - Snap shot by Taylor Hall.
8:49 of 1st period - Shot Misses the Net.
8:51 of 1st period - Wrist shot by Scott Gomez.
8:51 of 1st period - Goal by Scott Gomez - Panthers : 1 - Flames : 0.
8:52 of 1st period - Scott Gomez wins face-off versus Alexander Semin in neutral zone.
8:56 of 1st period - Minor Penalty to Filip Kuba for Goalie Interference.
8:57 of 1st period - Marian Hossa wins face-off versus David Backes in Flames zone.
8:59 of 1st period - Snap shot by Marian Hossa.
8:59 of 1st period - Stopped by Pekka Rinne with a rebound.
9:01 of 1st period - Backhand shot by Scott Gomez.
9:01 of 1st period - Stopped by Pekka Rinne without a rebound.
9:02 of 1st period - Scott Gomez wins face-off versus Jordin Tootoo in Flames zone.
9:03 of 1st period - Wrist shot by Marian Hossa.
9:03 of 1st period - Goal by Marian Hossa - Panthers : 2 - Flames : 0.
9:04 of 1st period - Eric Staal wins face-off versus Scott Gomez in neutral zone.
9:29 of 1st period - Filip Kuba is hit by Steve Montador.
9:33 of 1st period - Wrist shot by Jeff Tambellini.
9:33 of 1st period - Stopped by Pekka Rinne with a rebound.
9:39 of 1st period - Slapshot by Rickard Wallin.
9:39 of 1st period - Shot Blocked by Filip Kuba.
9:41 of 1st period - Wrist shot by Rickard Wallin.
9:41 of 1st period - Stopped by Pekka Rinne without a rebound.
9:42 of 1st period - Eric Staal wins face-off versus Mats Sundin in Flames zone.
9:42 of 1st period - Eric Staal is hit by Mats Sundin.
10:08 of 1st period - Tomas Kaberle is hit by Marian Hossa and loses puck.
10:36 of 1st period - Snap shot by Alexander Perezhogin.
10:36 of 1st period - Stopped by Pekka Rinne without a rebound.
10:37 of 1st period - Eric Staal wins face-off versus Marian Hossa in Flames zone.
11:02 of 1st period - Marian Hossa is hit by Steve Regier and loses puck.
11:27 of 1st period - Slapshot by Erik Johnson.
11:27 of 1st period - Shot Misses the Net.
11:29 of 1st period - Wrist shot by Brad Marchand.
11:29 of 1st period - Stopped by Jeff Deslauriers with a rebound.
11:33 of 1st period - Snap shot by Mikhail Grabovski.
11:33 of 1st period - Shot Blocked by Steve Montador.
11:35 of 1st period - Wrist shot by Mikhail Grabovski.
11:35 of 1st period - Shot Blocked by Scott Gomez.
11:44 of 1st period - Icing by Marian Hossa.
11:45 of 1st period - Scott Gomez wins face-off versus Patrik Berglund in Panthers zone.
11:45 of 1st period - Scott Gomez is hit by Steve Eminger.
11:53 of 1st period - Wrist shot by Mark Bell.
11:53 of 1st period - Stopped by Jeff Deslauriers without a rebound.
11:54 of 1st period - Eric Staal wins face-off versus Mats Sundin in Panthers zone.
11:55 of 1st period - Wrist shot by David Backes.
11:55 of 1st period - Stopped by Jeff Deslauriers without a rebound.
11:56 of 1st period - Eric Staal wins face-off versus Mats Sundin in Panthers zone.
12:14 of 1st period - Icing by David Backes.
12:15 of 1st period - Jonathan Matsumoto wins face-off versus David Backes in Flames zone.
12:18 of 1st period - Slapshot by Mattias Weinhandl.
12:18 of 1st period - Stopped by Pekka Rinne with a rebound.
12:40 of 1st period - Slapshot by David Backes.
12:40 of 1st period - Stopped by Jeff Deslauriers without a rebound.
12:41 of 1st period - Mats Sundin wins face-off versus Patrik Berglund in Panthers zone.
12:41 of 1st period - Mats Sundin is hit by Erik Johnson.
12:56 of 1st period - Daniel Paille is hit by Jordin Tootoo and loses puck.
13:07 of 1st period - Erik Johnson is hit by Scott Gomez and loses puck.
13:14 of 1st period - Backhand shot by Steve Eminger.
13:14 of 1st period - Stopped by Jeff Deslauriers with a rebound.
13:49 of 1st period - Steve Montador is hit by Steve Eminger and loses puck.
13:58 of 1st period - Snap shot by Steve Eminger.
13:58 of 1st period - Stopped by Jeff Deslauriers without a rebound.
13:59 of 1st period - Patrik Berglund wins face-off versus Mats Sundin in Panthers zone.
14:12 of 1st period - Snap shot by Daniel Paille.
14:12 of 1st period - Shot Hit the Post.
14:14 of 1st period - Slapshot by Lubomir Visnovsky.
14:14 of 1st period - Stopped by Pekka Rinne with a rebound.
14:37 of 1st period - Snap shot by David Backes.
14:37 of 1st period - Shot Misses the Net.
14:49 of 1st period - Colin Wilson is hit by Steve Montador and loses puck.
15:10 of 1st period - Slapshot by Steve Montador.
15:10 of 1st period - Shot Misses the Net.
15:12 of 1st period - Slapshot by Bryan McCabe.
15:12 of 1st period - Shot Misses the Net.
15:14 of 1st period - Wrist shot by Peter Prucha.
15:14 of 1st period - Goal by Peter Prucha - Panthers : 3 - Flames : 0.
15:15 of 1st period - Eric Staal wins face-off versus Scott Gomez in neutral zone.
15:15 of 1st period - Alexander Semin is hit by Taylor Hall and loses puck.
15:20 of 1st period - Wrist shot by David Backes.
15:20 of 1st period - Stopped by Jeff Deslauriers with a rebound.
15:36 of 1st period - Minor Penalty to Keith Aulie for Interference.
15:37 of 1st period - Eric Staal wins face-off versus Scott Gomez in Panthers zone.
15:52 of 1st period - Snap shot by Eric Staal.
15:52 of 1st period - Shot Misses the Net.
16:29 of 1st period - David Backes is hit by Jeff Tambellini and loses puck.
16:44 of 1st period - Patrik Berglund is hit by Nate Guenin and loses puck.
17:09 of 1st period - Snap shot by Marian Hossa.
17:09 of 1st period - Shot Misses the Net.
17:36 of 1st period - Penalty to Keith Aulie is over, Keith Aulie is back on ice.
17:44 of 1st period - Mark Bell is hit by Taylor Hall and loses puck.
17:53 of 1st period - Wrist shot by Marian Hossa.
17:53 of 1st period - Stopped by Pekka Rinne without a rebound.
17:54 of 1st period - Colin Wilson wins face-off versus Jonathan Matsumoto in Flames zone.
18:50 of 1st period - Wrist shot by Alexander Semin.
18:50 of 1st period - Deflect By David Backes.
18:50 of 1st period - Shot Blocked by Keith Aulie.
18:50 of 1st period - Puck is out of play.
18:51 of 1st period - Eric Staal wins face-off versus Rickard Wallin in Panthers zone.
18:52 of 1st period - Slapshot by Alexander Semin.
18:52 of 1st period - Shot Blocked by Alexander Perezhogin.
19:06 of 1st period - Snap shot by Jeff Tambellini.
19:06 of 1st period - Shot Blocked by Steve Eminger.
19:22 of 1st period - Wrist shot by Daniel Paille.
19:22 of 1st period - Shot Blocked by Filip Kuba.
19:24 of 1st period - Wrist shot by Daniel Paille.
19:24 of 1st period - Shot Misses the Net.
19:26 of 1st period - Wrist shot by Peter Prucha.
19:26 of 1st period - Stopped by Pekka Rinne without a rebound.
19:27 of 1st period - Scott Gomez wins face-off versus Patrik Berglund in Flames zone.
19:28 of 1st period - Snap shot by Marian Hossa.
19:28 of 1st period - Shot Blocked by Erik Johnson.
19:30 of 1st period - Backhand shot by Bryan McCabe.
19:30 of 1st period - Stopped by Pekka Rinne with a rebound.
19:42 of 1st period - Jordin Tootoo is hit by Taylor Hall and loses puck.
Goals for this period are 3 for Panthers vs 0 for Flames.
Shots for this period are 16 for Panthers vs 9 for Flames.

2nd period


0:01 of 2nd period - Marian Hossa wins face-off versus Eric Staal in neutral zone.
0:15 of 2nd period - Snap shot by Scott Gomez.
0:15 of 2nd period - Goal by Scott Gomez - Panthers : 4 - Flames : 0.
0:15 of 2nd period - Craig Anderson enters game.
0:16 of 2nd period - Scott Gomez wins face-off versus Eric Staal in neutral zone.
1:00 of 2nd period - Mats Sundin is hit by Brad Marchand and loses puck.
1:16 of 2nd period - Tomas Kaberle beats up Keith Aulie.
1:16 of 2nd period - Penalty to Tomas Kaberle for Fighting.
1:16 of 2nd period - Penalty to Keith Aulie for Fighting.
1:17 of 2nd period - Eric Staal wins face-off versus Marian Hossa in Flames zone.
1:30 of 2nd period - Snap shot by Scott Gomez.
1:30 of 2nd period - Shot Misses the Net.
1:32 of 2nd period - Slapshot by Bryan McCabe.
1:32 of 2nd period - Shot Blocked by Filip Kuba.
2:09 of 2nd period - Snap shot by Brad Marchand.
2:09 of 2nd period - Stopped by Jeff Deslauriers without a rebound.
2:10 of 2nd period - Scott Gomez wins face-off versus Mikhail Grabovski in Panthers zone.
3:29 of 2nd period - Steve Regier is hit by Lubomir Visnovsky and loses puck.
3:46 of 2nd period - Rickard Wallin is hit by Brad Marchand and loses puck.
4:07 of 2nd period - Erik Johnson is hit by Peter Prucha.
4:11 of 2nd period - Nate Guenin is hit by Erik Johnson and loses puck.
4:18 of 2nd period - Eric Staal is hit by Mats Sundin and loses puck.
4:32 of 2nd period - Snap shot by Jordin Tootoo.
4:32 of 2nd period - Shot Blocked by Lubomir Visnovsky.
4:34 of 2nd period - Wrist shot by Mark Bell.
4:34 of 2nd period - Stopped by Jeff Deslauriers without a rebound.
4:35 of 2nd period - Patrik Berglund wins face-off versus Scott Gomez in Panthers zone.
4:36 of 2nd period - Wrist shot by Mark Bell.
4:36 of 2nd period - Shot Misses the Net.
4:38 of 2nd period - Wrist shot by Mark Bell.
4:38 of 2nd period - Shot Blocked by Nate Guenin.
4:40 of 2nd period - Wrist shot by Mark Bell.
4:40 of 2nd period - Deflect By Jordin Tootoo.
4:40 of 2nd period - Shot Misses the Net.
4:40 of 2nd period - Puck is out of play.
4:41 of 2nd period - Patrik Berglund wins face-off versus Scott Gomez in Panthers zone.
4:46 of 2nd period - Wrist shot by Jordin Tootoo.
4:46 of 2nd period - Goal by Jordin Tootoo - Panthers : 4 - Flames : 1.
4:47 of 2nd period - Eric Staal wins face-off versus Scott Gomez in neutral zone.
4:58 of 2nd period - Eric Staal is hit by Bryan McCabe and loses puck.
5:48 of 2nd period - Snap shot by Mikhail Grabovski.
5:48 of 2nd period - Shot Misses the Net.
5:57 of 2nd period - Jeff Tambellini is hit by Erik Johnson and loses puck.
6:33 of 2nd period - Keith Aulie is hit by Milan Hejduk.
6:37 of 2nd period - Milan Hejduk is hit by Marian Hossa and loses puck.
7:13 of 2nd period - Steve Montador is hit by Ron Hainsey and loses puck.
7:32 of 2nd period - Tomas Kaberle is hit by Steve Montador and loses puck.
7:49 of 2nd period - Scott Gomez is hit by Erik Johnson and loses puck.
7:56 of 2nd period - Milan Hejduk is hit by Taylor Hall and loses puck.
8:09 of 2nd period - Snap shot by Peter Prucha.
8:09 of 2nd period - Shot Misses the Net.
8:11 of 2nd period - Snap shot by Keith Aulie.
8:11 of 2nd period - Shot Misses the Net.
8:13 of 2nd period - Wrist shot by Peter Prucha.
8:13 of 2nd period - Stopped by Craig Anderson without a rebound.
8:14 of 2nd period - Mats Sundin wins face-off versus Eric Staal in Flames zone.
8:23 of 2nd period - Snap shot by Peter Prucha.
8:23 of 2nd period - Stopped by Craig Anderson with a rebound.
8:35 of 2nd period - Snap shot by Daniel Paille.
8:35 of 2nd period - Shot Blocked by Steve Eminger.
8:37 of 2nd period - Snap shot by Daniel Paille.
8:37 of 2nd period - Stopped by Craig Anderson without a rebound.
8:38 of 2nd period - Scott Gomez wins face-off versus Patrik Berglund in Flames zone.
8:39 of 2nd period - Wrist shot by Taylor Hall.
8:39 of 2nd period - Shot Misses the Net.
8:47 of 2nd period - Bryan McCabe is hit by Joe Corvo and loses puck.
9:03 of 2nd period - Icing by Patrik Berglund.
9:04 of 2nd period - Eric Staal wins face-off versus Rickard Wallin in Flames zone.
9:31 of 2nd period - Slapshot by Milan Hejduk.
9:31 of 2nd period - Shot Misses the Net.
9:33 of 2nd period - Snap shot by Milan Hejduk.
9:33 of 2nd period - Stopped by Jeff Deslauriers with a rebound.
9:35 of 2nd period - Slapshot by Ron Hainsey.
9:35 of 2nd period - Shot Blocked by Nick Schultz.
9:37 of 2nd period - Slapshot by Milan Hejduk.
9:37 of 2nd period - Shot Misses the Net.
9:39 of 2nd period - Slapshot by Joe Corvo.
9:39 of 2nd period - Stopped by Jeff Deslauriers without a rebound.
9:40 of 2nd period - Peter Prucha wins face-off versus Eric Staal in Panthers zone.
10:29 of 2nd period - Off-side.
10:30 of 2nd period - Alexander Perezhogin wins face-off versus Patrik Berglund in neutral zone.
10:33 of 2nd period - Wrist shot by Jeff Tambellini.
10:33 of 2nd period - Stopped by Craig Anderson without a rebound.
10:34 of 2nd period - Jordin Tootoo wins face-off versus Jeff Tambellini in Flames zone.
11:00 of 2nd period - Snap shot by Alexander Perezhogin.
11:00 of 2nd period - Stopped by Craig Anderson without a rebound.
11:01 of 2nd period - Eric Staal wins face-off versus Scott Gomez in Flames zone.
11:30 of 2nd period - Snap shot by Milan Hejduk.
11:30 of 2nd period - Shot Blocked by Bryan McCabe.
11:32 of 2nd period - Slapshot by Filip Kuba.
11:32 of 2nd period - Stopped by Jeff Deslauriers with a rebound.
11:34 of 2nd period - Snap shot by Colin Wilson.
11:34 of 2nd period - Deflect By Steve Regier.
11:34 of 2nd period - Shot Blocked by Steve Montador.
11:34 of 2nd period - Puck is out of play.
11:35 of 2nd period - Colin Wilson wins face-off versus Mats Sundin in Panthers zone.
11:58 of 2nd period - Minor Penalty to Steve Regier for Hooking.
11:59 of 2nd period - David Backes wins face-off versus Scott Gomez in Flames zone.
12:33 of 2nd period - Slapshot by Bryan McCabe.
12:33 of 2nd period - Stopped by Craig Anderson with a rebound.
13:09 of 2nd period - Minor Penalty to Keith Aulie for Roughing.
13:10 of 2nd period - Eric Staal wins face-off versus Marian Hossa in Panthers zone.
13:57 of 2nd period - Snap shot by Erik Johnson.
13:57 of 2nd period - Shot Misses the Net.
13:58 of 2nd period - Penalty to Steve Regier is over, Steve Regier is back on ice.
13:59 of 2nd period - Snap shot by Steve Regier.
13:59 of 2nd period - Shot Misses the Net.
14:13 of 2nd period - Wrist shot by David Backes.
14:13 of 2nd period - Stopped by Jeff Deslauriers with a rebound.
14:15 of 2nd period - Slapshot by Erik Johnson.
14:15 of 2nd period - Stopped by Jeff Deslauriers with a rebound.
14:17 of 2nd period - Slapshot by Erik Johnson.
14:17 of 2nd period - Shot Misses the Net.
15:09 of 2nd period - Penalty to Keith Aulie is over, Keith Aulie is back on ice.
15:13 of 2nd period - Snap shot by Erik Johnson.
15:13 of 2nd period - Stopped by Jeff Deslauriers without a rebound.
15:14 of 2nd period - Mikhail Grabovski wins face-off versus Jonathan Matsumoto in Panthers zone.
15:27 of 2nd period - Snap shot by Ryan Bayda.
15:27 of 2nd period - Stopped by Craig Anderson with a rebound.
15:29 of 2nd period - Snap shot by Jonathan Matsumoto.
15:29 of 2nd period - Stopped by Craig Anderson with a rebound.
16:06 of 2nd period - Michel Ouellet is hit by Marian Hossa and loses puck.
16:13 of 2nd period - Keith Aulie is hit by Ron Hainsey.
16:23 of 2nd period - Snap shot by Mats Sundin.
16:23 of 2nd period - Shot Blocked by Ron Hainsey.
17:47 of 2nd period - Brad Marchand is hit by Jeff Tambellini and loses puck.
18:00 of 2nd period - Wrist shot by Rickard Wallin.
18:00 of 2nd period - Stopped by Craig Anderson without a rebound.
18:01 of 2nd period - Marian Hossa wins face-off versus Colin Wilson in Flames zone.
18:10 of 2nd period - Backhand shot by Scott Gomez.
18:10 of 2nd period - Shot Misses the Net.
18:11 of 2nd period - Double Minor Penalty to Marian Hossa for Roughing.
18:12 of 2nd period - Eric Staal wins face-off versus Scott Gomez in Panthers zone.
18:46 of 2nd period - Slapshot by Filip Kuba.
18:46 of 2nd period - Stopped by Jeff Deslauriers with a rebound.
Goals for this period are 1 for Panthers vs 1 for Flames.
Shots for this period are 10 for Panthers vs 10 for Flames.

3rd period


0:01 of 3rd period - David Backes wins face-off versus Scott Gomez in neutral zone.
0:40 of 3rd period - Taylor Hall is hit by Filip Kuba and loses puck.
2:06 of 3rd period - David Backes is hit by Jeff Tambellini and loses puck.
2:11 of 3rd period - Penalty to Marian Hossa is over, Marian Hossa is back on ice.
2:35 of 3rd period - Snap shot by Jeff Tambellini.
2:35 of 3rd period - Stopped by Craig Anderson without a rebound.
2:36 of 3rd period - Colin Wilson wins face-off versus Rickard Wallin in Flames zone.
2:59 of 3rd period - Slapshot by Jeff Tambellini.
2:59 of 3rd period - Shot Misses the Net.
3:01 of 3rd period - Snap shot by Rickard Wallin.
3:01 of 3rd period - Deflect By Jeff Tambellini.
3:01 of 3rd period - Shot Blocked by Colin Wilson.
3:01 of 3rd period - Puck is out of play.
3:02 of 3rd period - Eric Staal wins face-off versus Scott Gomez in Flames zone.
3:13 of 3rd period - Snap shot by David Backes.
3:13 of 3rd period - Stopped by Jeff Deslauriers without a rebound.
3:14 of 3rd period - Scott Gomez wins face-off versus Eric Staal in Panthers zone.
4:00 of 3rd period - Slapshot by Lubomir Visnovsky.
4:00 of 3rd period - Stopped by Craig Anderson with a rebound.
4:17 of 3rd period - Off-side.
4:18 of 3rd period - Eric Staal wins face-off versus Jonathan Matsumoto in neutral zone.
4:21 of 3rd period - Wrist shot by Alexander Semin.
4:21 of 3rd period - Goal by Alexander Semin - Panthers : 4 - Flames : 2.
4:22 of 3rd period - Taylor Hall wins face-off versus Eric Staal in neutral zone.
4:24 of 3rd period - Off-side.
4:25 of 3rd period - Scott Gomez wins face-off versus Eric Staal in neutral zone.
5:00 of 3rd period - Snap shot by Mark Bell.
5:00 of 3rd period - Stopped by Jeff Deslauriers without a rebound.
5:01 of 3rd period - Patrik Berglund wins face-off versus Scott Gomez in Panthers zone.
5:49 of 3rd period - Steve Montador is hit by David Backes and loses puck.
5:58 of 3rd period - Snap shot by Peter Prucha.
5:58 of 3rd period - Stopped by Craig Anderson without a rebound.
5:59 of 3rd period - Eric Staal wins face-off versus Scott Gomez in Flames zone.
6:28 of 3rd period - Slapshot by Steve Eminger.
6:28 of 3rd period - Shot Misses the Net.
7:01 of 3rd period - Ryan Bayda is hit by Brad Marchand and loses puck.
7:19 of 3rd period - Steve Eminger is hit by Jonathan Matsumoto and loses puck.
7:20 of 3rd period - Steve Eminger from Flames is injured at 7:20 of 3rd period (Separated Left Shoulder).
7:21 of 3rd period - Marian Hossa wins face-off versus Eric Staal in Panthers zone.
7:33 of 3rd period - Minor Penalty to Eric Staal for Holding.
7:34 of 3rd period - David Backes wins face-off versus Scott Gomez in Flames zone.
7:55 of 3rd period - Ron Hainsey is hit by Marian Hossa.
8:13 of 3rd period - Icing by Mats Sundin.
8:14 of 3rd period - Mats Sundin wins face-off versus Mikhail Grabovski in Panthers zone.
8:33 of 3rd period - David Backes is hit by Mats Sundin and loses puck.
8:40 of 3rd period - Snap shot by Peter Prucha.
8:40 of 3rd period - Stopped by Craig Anderson with a rebound.
8:42 of 3rd period - Snap shot by Steve Montador.
8:42 of 3rd period - Shot Misses the Net.
8:44 of 3rd period - Slapshot by Steve Montador.
8:44 of 3rd period - Deflect By Peter Prucha.
8:44 of 3rd period - Shot Misses the Net.
8:44 of 3rd period - Puck is out of play.
8:45 of 3rd period - Scott Gomez wins face-off versus David Backes in Flames zone.
8:49 of 3rd period - Off-side.
8:50 of 3rd period - Marian Hossa wins face-off versus David Backes in neutral zone.
8:57 of 3rd period - Slapshot by Bryan McCabe.
8:57 of 3rd period - Stopped by Craig Anderson without a rebound.
8:58 of 3rd period - David Backes wins face-off versus Scott Gomez in Flames zone.
8:58 of 3rd period - David Backes is hit by Scott Gomez.
9:08 of 3rd period - Steve Montador is hit by David Backes and loses puck.
9:33 of 3rd period - Penalty to Eric Staal is over, Eric Staal is back on ice.
9:34 of 3rd period - Slapshot by Bryan McCabe.
9:34 of 3rd period - Shot Blocked by Eric Staal.
10:07 of 3rd period - Snap shot by Michel Ouellet.
10:07 of 3rd period - Shot Blocked by Ryan Bayda.
10:21 of 3rd period - Minor Penalty to Nate Guenin for Cross-checking.
10:22 of 3rd period - Eric Staal wins face-off versus Scott Gomez in Panthers zone.
10:33 of 3rd period - Slapshot by Alexander Semin.
10:33 of 3rd period - Goal by Alexander Semin - Panthers : 4 - Flames : 3.
10:34 of 3rd period - Eric Staal wins face-off versus Scott Gomez in neutral zone.
11:00 of 3rd period - Peter Prucha is hit by Mark Bell and loses puck.
11:06 of 3rd period - Minor Penalty to Bryan McCabe for Holding Stick.
11:07 of 3rd period - Scott Gomez wins face-off versus Eric Staal in Panthers zone.
11:12 of 3rd period - Icing by Erik Johnson.
11:13 of 3rd period - Scott Gomez wins face-off versus Alexander Semin in Flames zone.
11:18 of 3rd period - Snap shot by Scott Gomez.
11:18 of 3rd period - Stopped by Craig Anderson with a rebound.
11:54 of 3rd period - Nick Schultz is hit by Tomas Kaberle.
11:58 of 3rd period - Nate Guenin is hit by Steve Regier and loses puck.
13:03 of 3rd period - Wrist shot by Marian Hossa.
13:03 of 3rd period - Shot Misses the Net.
13:06 of 3rd period - Penalty to Bryan McCabe is over, Bryan McCabe is back on ice.
13:09 of 3rd period - Minor Penalty to David Backes for Roughing.
13:10 of 3rd period - Eric Staal wins face-off versus Scott Gomez in Flames zone.
13:19 of 3rd period - Eric Staal is hit by Scott Gomez and loses puck.
14:13 of 3rd period - Mikhail Grabovski is hit by Peter Prucha and loses puck.
15:09 of 3rd period - Penalty to David Backes is over, David Backes is back on ice.
15:15 of 3rd period - Minor Penalty to Patrik Berglund for Roughing.
15:16 of 3rd period - Scott Gomez wins face-off versus David Backes in Flames zone.
15:30 of 3rd period - Jordin Tootoo is hit by Mats Sundin and loses puck.
17:12 of 3rd period - Lubomir Visnovsky is hit by Alexander Semin.
17:15 of 3rd period - Penalty to Patrik Berglund is over, Patrik Berglund is back on ice.
17:27 of 3rd period - Jeff Tambellini is hit by David Backes.
17:37 of 3rd period - Nate Guenin is hit by Milan Hejduk and loses puck.
17:57 of 3rd period - Daniel Paille is hit by Patrik Berglund and loses puck.
18:27 of 3rd period - Michel Ouellet is hit by Steve Montador and loses puck.
18:54 of 3rd period - Mark Bell is hit by Nate Guenin and loses puck.
19:09 of 3rd period - Wrist shot by Taylor Hall.
19:09 of 3rd period - Shot Misses the Net.
19:11 of 3rd period - Snap shot by Lubomir Visnovsky.
19:11 of 3rd period - Shot Misses the Net.
19:13 of 3rd period - Slapshot by Marian Hossa.
19:13 of 3rd period - Shot Misses the Net.
19:29 of 3rd period - Snap shot by Marian Hossa.
19:29 of 3rd period - Stopped by Craig Anderson with a rebound.
19:31 of 3rd period - Snap shot by Lubomir Visnovsky.
19:31 of 3rd period - Shot Blocked by Mark Bell.
19:33 of 3rd period - Wrist shot by Lubomir Visnovsky.
19:33 of 3rd period - Stopped by Craig Anderson with a rebound.
19:35 of 3rd period - Snap shot by Marian Hossa.
19:35 of 3rd period - Stopped by Craig Anderson without a rebound.
19:36 of 3rd period - Lindy Ruff call a timeout for Flames.
19:36 of 3rd period - Rickard Wallin wins face-off versus Eric Staal in Flames zone.
19:39 of 3rd period - Wrist shot by Taylor Hall.
19:39 of 3rd period - Stopped by Craig Anderson without a rebound.
19:40 of 3rd period - Eric Staal wins face-off versus Rickard Wallin in Flames zone.
19:45 of 3rd period - Flames, Craig Anderson is pulled from the net.
19:51 of 3rd period - Joe Corvo is hit by Rickard Wallin and loses puck.
Goals for this period are 0 for Panthers vs 2 for Flames.
Shots for this period are 10 for Panthers vs 4 for Flames.